 Dungeon Crawl Stone Soup version 0.30-a0-613-gdd512c7efb (webtiles) character file.

Game seed: 9186653825791112417

9 drugrobin the Sneak (level 1, -3/18 HPs)
             Began as a Demigod Delver on Jan 8, 2023.
             Slain by Natasha (7 damage)
             ... on level 3 of the Dungeon on Jan 9, 2023.
             The game lasted 00:02:42 (361 turns).

drugrobin the Sneak (Demigod Delver)                 Turns: 361, Time: 00:02:43

Health: -3/18      AC:  3    Str: 13    XL:     1   Next: 86%
Magic:  3/3        EV: 11    Int: 12    God:
Gold:   27         SH:  0    Dex: 15    Spells: 0/0 levels left

rFire   . . .      SeeInvis .      - Unarmed
rCold   . . .      Faith    .    (no shield)
rNeg    . . .      Spirit   .    a - +0 leather armour
rPois   .          Reflect  .    (no helmet)
rElec   .          Harm     .    (no cloak)
rCorr   .          Rampage  .    (no gloves)
Will    .....                    (no boots)
Stlth   +++                      (no amulet)
HPRegen 0.23/turn                (no ring)
MPRegen 0.08/turn                (no ring)

@: slowed, very slow
A: high MP 1, forlorn, divine attributes
a: no special abilities


You were on level 3 of the Dungeon.
You visited 1 branch of the dungeon, and saw 3 of its levels.

You collected 27 gold pieces.

Inventory:

Missiles
 g - 6 poisoned darts (quivered)
Armour
 a - a +0 leather armour (worn)
 m - a +0 ring mail
Jewellery
 k - a ring of resist corrosion
Wands
 f - a wand of digging (3)
Scrolls
 c - a scroll of magic mapping
 i - a scroll of poison {unknown}
 j - a scroll of acquirement {unknown}
 l - a scroll of teleportation {unknown}
Potions
 d - a potion of lignification {unknown}
 e - a potion of haste
 h - a potion of brilliance {unknown}


   Skills:
 - Level 2.6 Fighting
 - Level 1.7 Dodging
 - Level 4.5 Stealth
 + Level 2.5 Unarmed Combat


You couldn't memorise any spells.
You didn't know any spells.
Your spell library contained the following spells:

 Spells                   Type           Power      Damage    Failure   Level
 Sublimation of Blood     Necr           0%         N/A       54%         2
 Petrify                  Tmut/Erth      0%         N/A       99%         4
 Irradiate                Conj/Tmut      0%         3d11      100%        5


Dungeon Overview and Level Annotations

Branches:
Dungeon (5/15)
 Temple: D:4-7

Annotations:
D:3 Natasha
D:4 Sigmund


Innate Abilities, Weirdness & Mutations

You have an increased reservoir of magic. (+10% MP)
You shall have no god before yourself.
Your divine heritage dramatically boosts your attributes as you level up.


Message History

You hit Natasha but do no damage.
Natasha growls.
Natasha claws you.
You barely miss Natasha. Natasha claws you but does no damage.
You hit Natasha.
Natasha is lightly wounded.
Natasha barely misses you.
You barely miss Natasha.
Natasha is lightly wounded.
Natasha barely misses you.
You barely miss Natasha.
Natasha is lightly wounded.
Natasha closely misses you.
You hit Natasha but do no damage.
Natasha is lightly wounded.
Natasha claws you but does no damage.
You hit Natasha.
Natasha is moderately wounded.
Natasha stares at you and mumbles some strange words.
You feel yourself slow down.
Unknown command.
Unknown command.
Unknown command.
You hit Natasha.
Natasha is moderately wounded.
Natasha misses you.
Unknown command.
You barely miss Natasha.
Natasha is moderately wounded.
Natasha claws you but does no damage.
You barely miss Natasha.
Natasha is moderately wounded.
Natasha claws you. x2
* * * LOW HITPOINT WARNING * * *
Unknown command.
Unknown command.
You hit Natasha.
Natasha is heavily wounded.
Natasha claws you!
You die...

#..###..h..≈..
+~..##.# +~.....#
+~..#### #.#.§§§## #
####§§### ##§§.#
###h## #.@## ##..#
###### ##.## #....#
#..# #.>†.# ##.##
#..).# ########..##...
#....###............#
#........########....#
#....##### ###.#


You could see Natasha.

Vanquished Creatures
  A dart slug (D:5)
  An orc (D:3)
  An endoplasm (D:5)
  A hobgoblin (D:3)
  A quokka (D:5)
5 creatures vanquished.

Notes
Turn   | Place    | Note
-------+----------+-------------------------------------------
     0 | D:5      | drugrobin the Demigod Delver began the quest for the Orb.
     0 | D:5      | Reached XP level 1. HP: 18/18 MP: 3/3
   114 | D:4      | Noticed an iguana
   129 | D:4      | Noticed Sigmund
   129 | D:4      | Noticed an iguana
   166 | D:5      | Noticed a scorpion
   265 | D:4      | Noticed an orc wizard
   265 | D:4      | Noticed an orc priest
   334 | D:3      | Noticed Natasha
   361 | D:3      | Slain by Natasha

Illustrated notes

Levels and vault maps discovered:
D:3:      layout_rooms, nicolae_qazlal_general_emergency,
          dreamdust_ecumenical_altar_drowned_temple, uniq_natasha, uniq_jessica,
          uniq_grinder
D:4:      layout_gridville, gammafunk_ghost_necromancy, uniq_sigmund,
          uniq_menkaure, uniq_blork_the_orc, uniq_ijyb, uniq_robin
D:5:      layout_cave_pools, fedhas_altar_1, nicolae_xom_altar_mimics,
          mainiacjoe_overflow_catch_the_wave, serial_column_ruins,
          column_ruins_temple_circle, column_ruins_hut, column_ruins_open_tiny,
          column_ruins_grid_3, column_ruins_grid_4,
          column_ruins_corridor_straight, nicolae_elevator_lobby_plus,
          uniq_duvessa, uniq_edmund

Skill      XL: |  1 |
---------------+----+-----
Unarmed Combat | 2 |  2.5
Fighting       | |  2.6
Dodging        | |  1.7
Stealth        | |  4.5

Action                   || total
-------------------------++-------
Melee: Unarmed           ||    34
  Use: Scroll            ||     2
 Stab: Sleeping          ||     1
Armor: Leather armour    ||     9
Dodge: Dodged            ||    15

Table legend: (Time is in decaauts)
 A = Elapsed time spent in this place.
 B = Non-inter-level travel time spent in this place.
 C = Inter-level travel time spent in this place.
 D = Time resting spent in this place.
 E = Time spent auto-exploring this place.
 F = Levels seen in this place.
 G = Mean time per level.
                   A        B        C        D        E       F      G
               +--------+--------+--------+--------+--------+-----+--------+
         Total |    361 |    330 |     31 |     48 |     43 |   3 |  120.3 |
       Dungeon |    361 |    330 |     31 |     48 |     43 |   3 |  120.3 |
               +--------+--------+--------+--------+--------+-----+--------+

Top non-repeatable levels by time:
     D:5: 258 daAuts
     D:3: 93 daAuts
     D:4: 9 daAuts
